 Dungeon Sprint DCSS version 0.22-a0-136-g83a10e5 (webtiles) character file.

2321 Kidiri the Eclecticist (level 9, -5/47 HPs)
             Began as a Deep Elf Fire Elementalist on Feb 3, 2018.
             Was the Champion of Vehumet.
             Slain by a wraith (12 damage)
             ... in the Dungeon (Sprint VII: "The Pits").
             The game lasted 00:08:43 (1003 turns).

Kidiri the Eclecticist (Deep Elf Fire Elementalist) Turns: 1003, Time: 00:08:44

Health: -5/47      AC:  6    Str:  8    XL:     9   Next: 19%
Magic:  12/30      EV: 14    Int: 24    God:    Vehumet [******]
Gold:   0          SH:  0    Dex: 15    Spells: 6/39 levels left

rFire    . . .     SeeInvis .   u - +2 rapier (venom)
rCold    . . .     Gourm    .   (no shield)
rNeg     . . .     Faith    .   a - +0 robe
rPois    .         Spirit   .   (no helmet)
rElec    .         Reflect  .   t - +0 cloak
rCorr    .         Harm     .   (no gloves)
MR       .....     NoTele   +   (no boots)
Stlth    ++........             (no amulet)
HPRegen  0.15/turn              i - +3 ring of protection
MPRegen  0.22/turn              p - +3 ring of strength

@: berserk cooldown, slowed, very slow
A: no striking features
a: Renounce Religion


You were in the Dungeon.
You worshipped Vehumet.
Vehumet was exalted by your worship.
You were hungry.

You visited 1 branch

Inventory:

Hand Weapons
 u - a +2 rapier of venom (weapon)
Armour
 a - a +0 robe (worn)
 t - a +0 cloak (worn)
Jewellery
 i - a +3 ring of protection (left hand)
 p - a +3 ring of strength (right hand)
Scrolls
 l - 3 scrolls of remove curse
 m - 5 scrolls of amnesia
 n - a scroll of summoning
Potions
 d - 9 potions of curing
 e - 7 potions of heal wounds
 f - a potion of haste
 g - 2 potions of magic
 h - 2 potions of berserk rage
 k - 2 potions of invisibility
 q - a potion of might
 r - a potion of brilliance
 s - a potion of agility
Books
 b - a book of Flames

   Spells                             Type                      Level
   a - Flame Tongue                   Conjuration/Fire             1
   b - Throw Flame                    Conjuration/Fire             2
   c - Conjure Flame                  Conjuration/Fire             3
   d - Inner Flame                    Hexes/Fire                   3
   e - Sticky Flame                   Conjuration/Fire             4
   f - Fireball                       Conjuration/Fire             5
Comestibles
 c - 9 rations
 j - 4 chunks of flesh


   Skills:
 + Level 1.5 Fighting
 + Level 1.6 Armour
 + Level 3.6 Dodging
 - Level 2.4 Stealth
 * Level 15.7 Spellcasting
 + Level 9.9 Conjurations
 + Level 10.3 Fire Magic
 + Level 2.1 Ice Magic
 + Level 8.4 Air Magic
 + Level 6.1 Poison Magic


You had 6 spell levels left.
You knew the following spells:

 Your Spells              Type           Power        Failure   Level  Hunger
a - Flame Tongue          Conj/Fire      #####        1%          1    None
b - Throw Flame           Conj/Fire      ######       1%          2    None
c - Conjure Flame         Conj/Fire      ######..     1%          3    None
d - Inner Flame           Hex/Fire       #####...     1%          3    None
e - Ignite Poison         Fire/Tmut/Pois #####...     1%          3    None
f - Sticky Flame          Conj/Fire      ######..     1%          4    None
g - Fireball              Conj/Fire      ######....   1%          5    ##.....
h - Throw Icicle          Conj/Ice       #####...     1%          4    None
i - Shock                 Conj/Air       ####         1%          1    None
j - Mephitic Cloud        Conj/Pois/Air  ######..     1%          3    None
k - Olgreb's Toxic Radia  Pois           #####...     1%          4    None


Dungeon Overview and Level Annotations

Branches:
Dungeon (1/1)

Altars:
Ashenzari
Cheibriados
Dithmenos
Elyvilon
Fedhas
Gozag
Hepliaklqana
Kikubaaqudgha
Makhleb
Nemelex Xobeh
Okawaru
Qazlal
Ru
Sif Muna
Trog
Uskayaw
Vehumet
Wu Jian
Xom
Yredelemnul
Zin
The Shining One
Beogh
Jiyva
Lugonu

Annotations:
D exclusions: 4 doors and 4 more exclusions


Message History

The wraith drains your vigour!
You feel as though you will be slow longer.
You puncture the wraith!
The wraith is heavily damaged.
The wraith hits you!
* * * LOW HITPOINT WARNING * * *
You hit the wraith.
The wraith is severely damaged.
You are feeling hungry.
The wraith closely misses you. x2
You hit the wraith.
The wraith is almost destroyed.
The wraith barely misses you.
You hit the wraith.
The wraith is almost destroyed.
You are no longer berserk.
You are exhausted.
You feel as though you will be slow longer.
The wraith hits you!
You die...

###+##................#
))+.##......#..#......#
###.##................+
.....+................+
+#####......#..#......#
...)##................#
###+#####+#####''######
....##.......##''#######
....##.......##.@W......
#+####.......##.........
....##...<...##..#####..
....##.......##..+
....##.......##..#
######.......##..#
.#..###########..#
.#.############...
.#.#....#..[[#


You could see a wraith.

Vanquished Creatures
  A flayed ghost (D)
  A troll (D)
  Grinder (D)
  A tarantella (D)
  4 yaks (D)
  An orc warrior (D)
  2 sky beasts (D)
  2 phantoms (D)
  A big kobold (D)
  A gnoll sergeant (D)
  A worker ant (D)
  6 gnolls (D)
  An adder (D)
  A white imp (D)
  An adder skeleton (D)
  A worm (D)
  4 orcs (D)
  A bat skeleton (D)
  2 giant cockroaches (D)
  4 jackals (D)
  A frilled lizard (D)
  A kobold (D)
39 creatures vanquished.

Notes
Turn   | Place    | Note
-------+----------+-------------------------------------------
     0 | D        | Kidiri the Deep Elf Fire Elementalist began the quest for the Orb.
     0 | D        | Reached XP level 1. HP: 10/10 MP: 6/6
    25 | D        | Reached skill level 4 in Spellcasting
    67 | D        | Found a bloodstained altar of Trog.
    67 | D        | Found a deep blue altar of Sif Muna.
    67 | D        | Found a viscous altar of Jiyva.
    67 | D        | Found a hazy altar of Hepliaklqana.
    67 | D        | Found an opulent altar of Gozag.
    68 | D        | Found a glowing golden altar of the Shining One.
    68 | D        | Found a glowing silver altar of Zin.
    68 | D        | Found a basalt altar of Yredelemnul.
    68 | D        | Found a shimmering altar of Xom.
    68 | D        | Found an ornate altar of the Wu Jian Council.
    68 | D        | Found a sacrificial altar of Ru.
    68 | D        | Found a stormy altar of Qazlal.
    68 | D        | Found an iron altar of Okawaru.
    68 | D        | Found a sparkling altar of Nemelex Xobeh.
    68 | D        | Found a burning altar of Makhleb.
    68 | D        | Found a blossoming altar of Fedhas.
    68 | D        | Found a white marble altar of Elyvilon.
    68 | D        | Found a shadowy altar of Dithmenos.
    68 | D        | Found a snail-covered altar of Cheibriados.
    71 | D        | Found a corrupted altar of Lugonu.
    71 | D        | Found a radiant altar of Vehumet.
    71 | D        | Found a roughly hewn altar of Beogh.
    72 | D        | Found an ancient bone altar of Kikubaaqudgha.
    72 | D        | Found a hide-covered altar of Uskayaw.
    72 | D        | Found a shattered altar of Ashenzari.
    82 | D        | Became a worshipper of Vehumet
   131 | D        | Noticed a worker ant
   136 | D        | Killed a worker ant
   136 | D        | Reached * piety under Vehumet
   136 | D        | Offered knowledge of Shock by Vehumet.
   136 | D        | Reached skill level 6 in Spellcasting
   136 | D        | Reached XP level 2. HP: 7/15 MP: 3/11
   136 | D        | Reached XP level 3. HP: 9/19 MP: 3/12
   299 | D        | Learned a level 1 spell: Shock
   302 | D        | Learned a level 2 spell: Throw Flame
   306 | D        | Learned a level 3 spell: Conjure Flame
   310 | D        | Learned a level 3 spell: Inner Flame
   315 | D        | Offered knowledge of Sandblast by Vehumet.
   315 | D        | Reached ** piety under Vehumet
   493 | D        | Noticed a sky beast
   509 | D        | Offered knowledge of Mephitic Cloud by Vehumet.
   509 | D        | Reached skill level 7 in Spellcasting
   509 | D        | Reached skill level 5 in Fire Magic
   509 | D        | Reached skill level 1 in Air Magic
   509 | D        | Killed a sky beast
   509 | D        | Reached *** piety under Vehumet
   509 | D        | Reached skill level 9 in Spellcasting
   509 | D        | Reached skill level 5 in Conjurations
   509 | D        | Reached XP level 4. HP: 24/24 MP: 9/17
   509 | D        | Reached XP level 5. HP: 28/28 MP: 9/18
   513 | D        | Reached **** piety under Vehumet
   514 | D        | Noticed a phantom
   515 | D        | Noticed a sky beast
   518 | D        | Killed a phantom
   518 | D        | Reached skill level 10 in Spellcasting
   520 | D        | Reached skill level 11 in Spellcasting
   520 | D        | Reached XP level 6. HP: 32/32 MP: 6/22
   522 | D        | Noticed an orc warrior
   523 | D        | Killed a sky beast
   523 | D        | Reached skill level 5 in Air Magic
   530 | D        | Killed an orc warrior
   530 | D        | Reached ***** piety under Vehumet
   530 | D        | Reached skill level 12 in Spellcasting
   568 | D        | Reached XP level 7. HP: 24/36 MP: 16/25
   574 | D        | Learned a level 4 spell: Sticky Flame
   580 | D        | Learned a level 5 spell: Fireball
   584 | D        | Learned a level 3 spell: Mephitic Cloud
   635 | D        | Offered knowledge of Olgreb's Toxic Radiance by Vehumet.
   635 | D        | Reached skill level 1 in Poison Magic
   641 | D        | Learned a level 4 spell: Olgreb's Toxic Radiance
   693 | D        | Noticed a tarantella
   697 | D        | Killed a tarantella
   697 | D        | Offered knowledge of Ignite Poison by Vehumet.
   697 | D        | Reached skill level 13 in Spellcasting
   709 | D        | Learned a level 3 spell: Ignite Poison
   751 | D        | Noticed Grinder
   755 | D        | Paralysed by Grinder for 4 turns
   760 | D        | Killed Grinder
   760 | D        | Offered knowledge of Throw Icicle by Vehumet.
   828 | D        | Noticed a troll
   830 | D        | Noticed a flayed ghost
   834 | D        | Killed a troll
   834 | D        | Reached skill level 14 in Spellcasting
   834 | D        | Reached XP level 8. HP: 41/41 MP: 12/28
   835 | D        | Killed a flayed ghost
   835 | D        | Reached skill level 15 in Spellcasting
   835 | D        | Reached skill level 10 in Fire Magic
   835 | D        | Reached skill level 5 in Poison Magic
   957 | D        | Learned a level 4 spell: Throw Icicle
   970 | D        | Reached skill level 1 in Fighting
   970 | D        | Reached skill level 1 in Armour
   970 | D        | Reached skill level 1 in Ice Magic
   970 | D        | Reached XP level 9. HP: 43/47 MP: 19/30
   971 | D        | Offered knowledge of Iskenderun's Mystic Blast by Vehumet.
   981 | D        | Reached ****** piety under Vehumet
  1003 | D        | Slain by a wraith

Vault maps used:
D:        pitsprint

Skill      XL: |  1  2  3  4  5  6  7  8  9 |
---------------+----------------------------+-----
Spellcasting   | 6 9 11 12 14 15 | 15.7
Conjurations   | 3 5 6 7 8 9 |  9.9
Fire Magic     | 4 6 7 8 9 10 | 10.3
Air Magic      | 3 4 6 7 8 |  8.4
Poison Magic   | 4 5 6 |  6.1
Fighting       | 1 |  1.5
Armour         | 1 |  1.6
Dodging        | 3 |  3.6
Ice Magic      | 1 2 |  2.1
Stealth        | |  2.4

Action                   |  1- 3 |  4- 6 |  7- 9 || total
-------------------------+-------+-------+-------++-------
Melee: Dagger            |       |       |     1 ||     1
       Rapier            |       |       |    15 ||    15
 Cast: Flame Tongue      |    32 |    31 |    30 ||    93
       Inner Flame       |     3 |     1 |     2 ||     6
       Conjure Flame     |     1 |     1 |     6 ||     8
       Throw Flame       |     1 |       |       ||     1
       Fireball          |       |       |     4 ||     4
       Sticky Flame      |       |       |     3 ||     3
       Olgreb's Toxic Ra |       |       |     1 ||     1
       Shock             |       |       |     4 ||     4
       Throw Icicle      |       |       |     1 ||     1
  Use: Potion            |     1 |     5 |     2 ||     8
       Scroll            |       |     1 |       ||     1
Armor: Robe              |     1 |       |     5 ||     6
Dodge: Dodged            |    12 |     2 |    14 ||    28

Table legend:
 A = Spawn XP
 B = Non-spawn XP
 C = Spawn XP percentage of total XP
 D = Spawn monster count
 E = Non-spawn monster count
 F = Spawn count percentage of total count
 G = Total turns spent on level
                    A         B        C        D         E        F      G
               +---------+---------+-------+---------+---------+-------+---------
         Total |       0 |    3317 |   0.0 |       0 |      39 |   0.0 |  1003
               +---------+---------+-------+---------+---------+-------+---------
             D |       0 |    3317 |   0.0 |       0 |      39 |   0.0 |  1003
               +---------+---------+-------+---------+---------+-------+---------
